 Dungeon Crawl Stone Soup version 0.25-a0-635-g0c6c292ef3 (webtiles) character file.

Game seed: 13323207775082083171, levelgen mode: deterministic

182 kae the Chopper (level 5, -4/48 HPs)
             Began as a Hill Orc Fighter on Mar 20, 2020.
             Slain by Sigmund
             ... wielding a +0 scythe
              (12 damage)
             ... on level 3 of the Dungeon.
             The game lasted 00:01:30 (2237 turns).

kae the Chopper (Hill Orc Fighter)                  Turns: 2237, Time: 00:01:30

Health: -4/48      AC:  8    Str: 20    XL:     5   Next: 61%
Magic:  5/5        EV:  7    Int:  8    God:
Gold:   58         SH:  9    Dex: 10    Spells: 4/4 levels left

rFire    . . .     SeeInvis .   a - +1 war axe
rCold    . . .     Gourm    .   c - +0 kite shield
rNeg     . . .     Faith    .   b - +0 scale mail
rPois    .         Spirit   .   (no helmet)
rElec    .         Reflect  .   (no cloak)
rCorr    .         Harm     .   h - +0 pair of gloves
MR       .....                  (no boots)
Stlth    ..........             (no amulet)
HPRegen  0.16/turn              (no ring)
MPRegen  0.09/turn              (no ring)

@: no status effects
A: no striking features
a: no special abilities


You were on level 3 of the Dungeon.
You were very hungry.

You visited 1 branch of the dungeon, and saw 3 of its levels.

You collected 58 gold pieces.

Inventory:

Hand Weapons
 a - a +1 war axe (weapon)
Armour
 b - a +0 scale mail (worn)
 c - a +0 kite shield (worn)
 h - a +0 pair of gloves (worn)
Jewellery
 l - an uncursed ring of stealth {unknown}
Wands
 g - a wand of paralysis (5)
 k - a wand of iceblast (11)
Scrolls
 n - a scroll of fog {unknown}
Potions
 d - a potion of might
 e - 2 potions of magic
 j - a potion of brilliance {unknown}
Comestibles
 f - 3 rations


   Skills:
 + Level 5.1 Fighting
 * Level 6.3 Axes
 - Level 3.2 Armour
 - Level 3.2 Shields


You had 4 spell levels left.
You didn't know any spells.
Your spell library contained the following spells:

 Spells                   Type           Power        Failure   Level  Hunger
 Confusing Touch          Hex            #.......     100%        3    ####...
 Gell's Gravitas          Tloc           #.........   100%        3    ####...
 Petrify                  Tmut/Erth      #.......     100%        4    #####..
 Metabolic Englaciation   Hex/Ice        #.........   100%        5    ######.
 Yara's Violent Unravell  Hex/Tmut       #.........   100%        5    ######.


Dungeon Overview and Level Annotations

Branches:
Dungeon (3/15)

Altars:

Annotations:
D:3 Sigmund


Message History

You are confused.
Something hits you but does no damage. Something hits you.
You barely miss something. Something hits you!
You barely miss something.
You feel less confused. Something hits you. Something hits you.
You closely miss something.
Your scale mail prevents you from hitting something.
You hear some strange, mumbled words.
A magic dart appears from out of thin air!
The magic dart hits you.
* * * LOW HITPOINT WARNING * * *
You block something's attack.
You miss something. You miss something. Something hits you.
* * * LOW HITPOINT WARNING * * *
You closely miss something. Something hits you!
You die...

#......# #.# #.# #.#
...##### ###.# #.# #.# ##.#
#$..# #.# #.# .#.# #. #.###
#.# #.# .#.#####.# #.# #.#
#.# .........# #.# #.# #.#
)#.#####.# #.# #.# #.###
<#.# #.# #{# #.# #.... .#.#
#.#######@# #.# #####
.#.#####.##......# #.#
##..........###### #.#
#######.#### ###.#
########...##########...####
...........................#
########...##########.####.#
#.....# #.# #.#
###.....#########.####.###


There were no monsters in sight!

Vanquished Creatures
  2 orc wizards (D:3)
  Jessica (D:3)
  Ijyb (D:3)
  An adder (D:3)
  An ooze (D:3)
  3 worms
  7 orcs (D:3)
  2 ball pythons
  3 giant cockroaches
  6 goblins
  5 hobgoblins
  4 bats
  2 frilled lizards
  7 kobolds
  4 rats
49 creatures vanquished.

Notes
Turn   | Place    | Note
-------+----------+-------------------------------------------
     0 | D:1      | kae the Hill Orc Fighter began the quest for the Orb.
     0 | D:1      | Reached XP level 1. HP: 19/19 MP: 1/1
   134 | D:1      | Reached skill level 3 in Axes
   218 | D:1      | Reached XP level 2. HP: 26/27 MP: 2/2
   797 | D:2      | Reached skill level 4 in Axes
   910 | D:2      | Reached XP level 3. HP: 33/33 MP: 3/3
  1543 | D:3      | Noticed Jessica
  1547 | D:3      | Reached skill level 5 in Axes
  1547 | D:3      | Reached XP level 4. HP: 28/41 MP: 4/4
  1550 | D:3      | Killed Jessica
  1564 | D:3      | Reached XP level 5. HP: 15/47 MP: 5/5
  1567 | D:3      | Reached skill level 5 in Fighting
  1814 | D:3      | Reached skill level 6 in Axes
  1906 | D:3      | Noticed Ijyb
  1908 | D:3      | Paralysed by Ijyb for 2 turns
  1915 | D:3      | Paralysed by Ijyb for 4 turns
  1923 | D:3      | Killed Ijyb
  2190 | D:3      | Noticed Sigmund
  2237 | D:3      | Slain by Sigmund

Levels and vault maps discovered:
D:1:      nagdon_arrival_double_spiral, layout_basic, bh_walls_and_bars
D:2:      layout_basic, serial_park_tiny_2
D:3:      layout_loops_ring, first_ration, st_stairs_5,
          kennysheep_generic_room_4, uniq_sigmund, uniq_ijyb, uniq_jessica

Skill      XL: |  1  2  3  4  5 |
---------------+----------------+-----
Axes           | 3 4 5 6 |  6.3
Fighting       | 4 5 |  5.1
Armour         | |  3.2
Shields        | |  3.2

Action                   |  1- 3 |  4- 6 || total
-------------------------+-------+-------++-------
Melee: War axe           |    86 |    81 ||   167
  Use: Scroll            |     4 |     2 ||     6
       Potion            |       |     4 ||     4
  Eat: Ration            |     1 |       ||     1
Armor: Scale mail        |    40 |    36 ||    76
Dodge: Dodged            |    24 |     8 ||    32
Block: Kite shield       |    45 |    25 ||    70

Table legend:
 A = Non-vault XP
 B = Vault XP
 C = Vault XP percentage of total XP
 D = Non-vault monster count
 E = Vault monster count
 F = Vault count percentage of total count
                 A         B        C        D         E       F
            +---------+---------+-------+---------+---------+-------
      Total |     177 |      83 |  31.9 |      45 |       4 |   8.2
            +---------+---------+-------+---------+---------+-------
        D:1 |      20 |       0 |   0.0 |      13 |       0 |   0.0
        D:2 |      29 |       0 |   0.0 |      15 |       0 |   0.0
        D:3 |     128 |      83 |  39.3 |      17 |       4 |  19.0
            +---------+---------+-------+---------+---------+-------
